 Dungeon Crawl Stone Soup version 0.30-a0-782-ge64f9170bb (webtiles) character file.

Game seed: 1427564226533628056

366 Leeroy the Insei (level 6, -3/38 HPs)
             Began as an Octopode Transmuter on Feb 22, 2023.
             Slain by a black bear (4 damage)
             ... on level 4 of the Dungeon.
             The game lasted 00:03:54 (3431 turns).

Leeroy the Insei (Octopode Transmuter)              Turns: 3431, Time: 00:03:55

Health: -3/38      AC:  1    Str: 10    XL:     6   Next: 68%
Magic:  9/9        EV: 13    Int: 23    God:
Gold:   221        SH:  0    Dex: 12    Spells: 5/9 levels left

rFire   . . .      SeeInvis .      - Unarmed
rCold   . . .      Faith    .    (no shield)
rNeg    . . .      Spirit   .    (helmet currently unavailable)
rPois   .          Reflect  .    (no amulet)
rElec   .          Harm     .    j - +6 ring of intelligence
rCorr   .          Rampage  .    m - ring of willpower
Will    +....                    (no ring)
Stlth   ++                       (no ring)
HPRegen 0.26/turn                (no ring)
MPRegen 0.11/turn                (no ring)
                                 (no ring)
                                 (no ring)

@: appendages
A: tentacle spike 3, almost no armour, amphibious, 8 rings, camouflage 1,
gelatinous body 1, (nimble swimmer 1), tentacles
a: End Transformation


You were on level 4 of the Dungeon.
One of your tentacles had grown a beastly spike.
You visited 1 branch of the dungeon, and saw 5 of its levels.

You collected 221 gold pieces.

Inventory:

Jewellery
 j - a +6 ring of intelligence (left tentacle)
 m - a ring of willpower (right tentacle)
Scrolls
 b - a scroll of noise {unknown}
 e - 2 scrolls of magic mapping {unknown}
 f - 2 scrolls of fog {unknown}
 g - 4 scrolls of identify {unknown}
 h - 2 scrolls of teleportation {unknown}
 k - a scroll of amnesia {unknown}
 o - 2 scrolls of fear {unknown}
 r - a scroll of immolation {unknown}
Potions
 a - 2 potions of lignification
 c - 2 potions of degeneration {unknown}
 d - a potion of attraction {unknown}
 i - 2 potions of curing {unknown}
 l - 2 potions of flight {unknown}
 n - 2 potions of haste {unknown}
 p - a potion of might {unknown}
 q - a potion of mutation {unknown}


   Skills:
 - Level 1.0 Fighting
 - Level 2.0 Dodging
 - Level 6.0 Unarmed Combat
 - Level 2.0 Spellcasting
 + Level 4.5 Transmutations


You had 5 spell levels left.
You knew the following spells:

 Your Spells              Type           Power      Damage    Failure   Level
a - Beastly Appendage     Tmut           46%        N/A       1%          1
b - Spider Form           Tmut/Pois      12%        N/A       16%         3

Your spell library contained the following spells:

 Spells                   Type           Power      Damage    Failure   Level
 Wereblood                Tmut           23%        N/A       3%          2
 Ice Form                 Ice/Tmut       12%        N/A       45%         4


Dungeon Overview and Level Annotations

Branches:
Dungeon (5/15)
 Temple: D:4-7

Altars:
Ashenzari
Qazlal

Shops:
D:4 [


Innate Abilities, Weirdness & Mutations

One of your tentacles has grown a beastly spike.
You cannot wear most types of armour.
You are amphibious.
You can wear up to eight rings at the same time.
Your skin changes colour to match your surroundings (Stealth+).
Your rubbery body absorbs attacks. (AC +1, EV +1)
((You are camouflaged when in or above water. (Stealth+)))
You have tentacles for arms and can constrict up to eight enemies at once.


Message History

The ogre misses you. The black bear bites you.
The black bear barely misses you. The black bear misses you.
There is a stone staircase leading up here.
HP restored.
The black bear completely misses you. The black bear claws you. x2
The ogre closely misses you.
You climb upwards.
There is a stone staircase leading down here.
Okay, then.
The black bear attacks as you move away!
The black bear bites you. The black bear misses you. The black bear claws you.
The black bear attacks as you move away!
The black bear completely misses you. The black bear barely misses you.
The black bear claws you.
The black bear attacks as you move away!
The black bear bites you. The black bear closely misses you.
The black bear claws you.
The black bear attacks as you move away!
The black bear barely misses you. The black bear claws you. x2
You tentacle-slap the black bear. You grab the black bear.
You pierce the black bear.
You tentacle-slap the black bear, but do no damage.
The black bear is moderately wounded.
You constrict the black bear. The black bear barely misses you.
The black bear misses you. The black bear claws you.
You tentacle-slap the black bear.
You pierce the black bear.
You squeeze the black bear, but do no damage.
The black bear is severely wounded.
You constrict the black bear. The black bear misses you. x2
The black bear claws you.
* * * LOW HITPOINT WARNING * * *
You bludgeon the black bear!
The black bear is almost dead.
You constrict the black bear, but do no damage.
The black bear goes berserk!
You release your grip on the black bear.
The black bear attacks as you move away!
The black bear bites you!
* * * LOW HITPOINT WARNING * * *
The black bear claws you.
You die...

#.# # ####[### # #......# #
#......# # #...>..# #
#......# # #......# #
#############......#########
#.<...†....@hO..............
################....########
#.##....# # #.#####.## # #.#
#..#### #.# ##..... #.#
###### ##'######### #
#..........# #


You could see a black bear (berserk) and an ogre.

Vanquished Creatures
  A black bear (D:4)
  A phantom (D:4)
  A howler monkey (D:2)
  A hound (D:4)
  An iguana (D:4)
  6 adders
  3 worms (D:3)
  3 dart slugs
  An orc (D:4)
  7 ball pythons
  9 endoplasms
  3 giant cockroaches
  2 goblins
  2 hobgoblins
  2 jackals (D:1)
  4 kobolds
  2 quokkas
  5 bats
  4 frilled lizards
  A rat (D:1)
59 creatures vanquished.

Notes
Turn   | Place    | Note
-------+----------+-------------------------------------------
     0 | D:1      | Leeroy the Octopode Transmuter began the quest for the Orb.
     0 | D:1      | Reached XP level 1. HP: 13/13 MP: 3/3
    85 | D:1      | Reached XP level 2. HP: 7/18 MP: 5/5
   582 | D:1      | Reached skill level 4 in Unarmed Combat
  1048 | D:2      | Reached XP level 3. HP: 22/23 MP: 6/6
  1066 | D:2      | Reached XP level 4. HP: 24/28 MP: 7/7
  1151 | D:2      | Reached skill level 5 in Unarmed Combat
  1559 | D:2      | Learned a level 3 spell: Spider Form
  2089 | D:3      | Reached XP level 5. HP: 29/33 MP: 8/8
  2640 | D:4      | Found a stormy altar of Qazlal.
  2655 | D:4      | Reached skill level 6 in Unarmed Combat
  2755 | D:4      | Noticed a phantom
  2761 | D:4      | Killed a phantom
  2762 | D:4      | Reached XP level 6. HP: 36/38 MP: 9/9
  2826 | D:4      | Found Puamiaxtoi's Antique Armour Boutique.
  2869 | D:4      | Found a broken altar of Ashenzari.
  3236 | D:5      | Entered Level 5 of the Dungeon
  3236 | D:5      | Noticed a black bear
  3236 | D:5      | Noticed a black bear
  3245 | D:4      | Killed a black bear
  3431 | D:4      | HP: 1/38 [black bear (10)]
  3431 | D:4      | Slain by a black bear

Illustrated notes

Levels and vault maps discovered:
D:1:      lightli_arrival_flooded_house, layout_basic
D:2:      layout_rooms, st_stairs_11, chequers_serial_rivers_micro_b,
          chequers_jeans
D:3:      layout_loops_ring, glass_columns_c, minmay_misc_feat_enclosed
D:4:      layout_basic, nicolae_qazlal_scattered_showers,
          mainiacjoe_overflow_alcove_1, serial_shops,
          nicolae_inconvenience_store
D:5:      layout_cave_pools, serial_glass, glass_columns_c, glass_columns_b,
          kennysheep_generic_room_3, uniq_menkaure

Skill      XL: |  1  2  3  4  5  6 |
---------------+-------------------+-----
Unarmed Combat | 4 5 6 |  6.0
Transmutations | 3 4 |  4.5
Fighting       | |  1.0
Dodging        | |  2.0
Spellcasting   | |  2.0

Action                     |  1- 3 |  4- 6 || total
---------------------------+-------+-------++-------
  Melee: Unarmed           |    45 |    95 ||   140
         Tentacles         |    12 |    16 ||    28
         Constrict         |    11 |    20 ||    31
         Punch             |     1 |     5 ||     6
         Kick              |     1 |     5 ||     6
   Cast: Beastly Appendage |     1 |     2 ||     3
   Stab: Sleeping          |     4 |     5 ||     9
         Distracted        |       |     1 ||     1
 Armour: Skin              |     3 |     2 ||     5
  Dodge: Dodged            |    21 |    47 ||    68

Table legend: (Time is in decaauts)
 A = Elapsed time spent in this place.
 B = Non-inter-level travel time spent in this place.
 C = Inter-level travel time spent in this place.
 D = Time resting spent in this place.
 E = Time spent auto-exploring this place.
 F = Levels seen in this place.
 G = Mean time per level.
                   A        B        C        D        E       F      G
               +--------+--------+--------+--------+--------+-----+--------+
         Total |   3417 |   3315 |    102 |    172 |   2717 |   5 |  683.4 |
       Dungeon |   3417 |   3315 |    102 |    172 |   2717 |   5 |  683.4 |
               +--------+--------+--------+--------+--------+-----+--------+

Top non-repeatable levels by time:
     D:1: 1003 daAuts
     D:4: 886 daAuts
     D:3: 884 daAuts
     D:2: 634 daAuts
     D:5: 8 daAuts
